 Dungeon Crawl Stone Soup version 0.28.0-45-g0d030f2227 (webtiles) character file.

Game seed: 5252143701142043065

464 MisterFreud the Ruffian (level 6, -1/51 HPs)
             Began as a Draconian Transmuter on Apr 17, 2022.
             Slain by a steam dragon (3 damage)
             ... on level 4 of the Dungeon.
             The game lasted 00:03:49 (3454 turns).

MisterFreud the Ruffian (Draconian Transmuter)      Turns: 3454, Time: 00:03:50

Health: -1/51      AC:  2    Str: 18    XL:     6   Next: 80%
Magic:  3/11       EV: 20    Int: 22    God:
Gold:   103        SH:  0    Dex: 16    Spells: 5/11 levels left

rFire   . . .      SeeInvis .     - Unarmed
rCold   . . .      Faith    .   (shield currently unavailable)
rNeg    . . .      Spirit   .   (armour unavailable)
rPois   x          Reflect  .   (helmet currently unavailable)
rElec   .          Harm     .   (cloak currently unavailable)
rCorr   .          Rampage  .   (gloves currently unavailable)
Will    .....                   (boots currently unavailable)
Stlth   +.........              (no amulet)
HPRegen 0.17/turn               i - +6 ring of intelligence
MPRegen 0.12/turn               p - +6 ring of strength

@: mighty, lethally poisoned (-1 -> -12), spider-form, attractive, very slightly
contaminated, hasted, very quick
A: venomous fangs, AC +6, tiny, unfitting armour, (cold-blooded)
a: End Transformation


You were on level 4 of the Dungeon.
You were a venomous arachnid creature.
You visited 1 branch of the dungeon, and saw 4 of its levels.

You collected 103 gold pieces.

Inventory:

Missiles
 d - a boomerang
 n - 6 poisoned darts
Armour
 k - a +0 pair of boots
 m - an orb of energy
Jewellery
 a - a ring of protection from cold
 h - a ring of fire
 i - a +6 ring of intelligence (left front leg)
 p - a +6 ring of strength (right front leg)
Wands
 o - a wand of paralysis (4)
Scrolls
 b - a scroll of vulnerability
 l - 2 scrolls of noise
Potions
 c - 2 potions of cancellation
 f - a potion of degeneration {unknown}
 g - a potion of might
 q - a potion of curing {unknown}


   Skills:
 + Level 3.4 Fighting
 + Level 3.3 Dodging
 + Level 4.3 Unarmed Combat
 + Level 3.4 Spellcasting
 + Level 3.6 Transmutations


You had 5 spell levels left.
You knew the following spells:

 Your Spells              Type           Power      Damage    Failure   Level
a - Beastly Appendage     Tmut           38%        N/A       10%         1
b - Wereblood             Tmut           19%        N/A       13%         2
c - Spider Form           Tmut/Pois      11%        N/A       36%         3

Your spell library contained the following spells:

 Spells                   Type           Power      Damage    Failure   Level
 Corpse Rot               Necr/Air       6%         N/A       38%         2
 Poisonous Vapours        Pois/Air       6%         N/A       38%         2
 Tukima's Dance           Hex            3%         N/A       56%         3
 Ice Form                 Ice/Tmut       11%        N/A       71%         4
 Passage of Golubria      Tloc           3%         N/A       89%         4
 Yara's Violent Unravell  Hex/Tmut       5%         3d4       94%         5


Dungeon Overview and Level Annotations

Branches:
Dungeon (4/15)
 Temple: D:4-7

Altars:


Innate Abilities, Weirdness & Mutations

You are a venomous arachnid creature.
You have poisonous fangs.
You are tiny and dextrous.
Your spellcasting is less reliable in this form.
Your armour is entirely melded.
You are incapable of wielding weapons or throwing items.
((Your plain brown scales are hard. (AC +6)))
You cannot fit into any form of body armour.
((You are cold-blooded and may be slowed by cold attacks.))


Message History

The kobold shouts!
The adder closely misses you.
The ball python is engulfed in a cloud of scalding steam.
The ball python dies!
The adder misses you. The adder misses you.
The kobold hits you with a +0 short sword.
* * * LOW HITPOINT WARNING * * *
It was a potion of might.
You feel very mighty all of a sudden. The kobold misses you.
The steam dragon barely misses you. x2
Casting: Spider Form (dangerous; 17% risk of failure)
Confirm with . or Enter, or press ? or * to list all spells.
You turn into a venomous arachnid creature.
The kobold closely misses you. The steam dragon bites you.
* * * LOW HITPOINT WARNING * * *
The steam dragon claws you.
* * * LOW HITPOINT WARNING * * *
Unknown command.
You bite the steam dragon!
The steam dragon is moderately wounded.
The adder closely misses you. The steam dragon bites you.
* * * LOW HITPOINT WARNING * * *
The steam dragon claws you but does no damage.
The kobold hits you with a +0 short sword.
* * * LOW HITPOINT WARNING * * *
The adder misses you.
Unknown command.
Unknown command.
It was a potion of haste.
You feel yourself speed up. The kobold misses you. The steam dragon misses you.
The steam dragon closely misses you. The adder bites you but does no damage.
It was a potion of attraction.
You feel attractive to monsters. The adder bites you.
* * * LOW HITPOINT WARNING * * *
You are lethally poisoned!
The adder poisons you! The steam dragon completely misses you.
The steam dragon claws you.
You die...

...# . ....# .. .... #..
#..###### #...####..#..#..
................
........S.......
.......sK....... ####
#########D...###
##..###.....§##....##
#.............§.....#
#..............†....#
#...................#
#...................#.(.....
#...................'......
#...................#.....


You could see a steam dragon, an adder and a kobold.

Vanquished Creatures
  A necrophage (D:4)
  2 ogres (D:4)
  A hound (D:4)
  An iguana (D:3)
  Natasha (twice) (D:3)
  An orc wizard (D:3)
  2 adders (D:4)
  A worm (D:2)
  2 dart slugs (D:1)
  5 orcs
  4 ball pythons
  4 endoplasms
  5 giant cockroaches
  4 goblins
  3 hobgoblins
  6 kobolds
  2 quokkas (D:3)
  6 bats
  3 frilled lizards (D:3)
  5 rats
60 creatures vanquished.

Vanquished Creatures (others)
  A ball python (D:4)
1 creature vanquished.

Grand Total: 61 creatures vanquished

Notes
Turn   | Place    | Note
-------+----------+-------------------------------------------
     0 | D:1      | MisterFreud the Draconian Transmuter began the quest for
                  | the Orb.
     0 | D:1      | Reached XP level 1. HP: 16/16 MP: 3/3
   337 | D:1      | Reached XP level 2. HP: 12/23 MP: 3/5
  1271 | D:2      | Reached XP level 3. HP: 29/29 MP: 6/6
  1996 | D:3      | Noticed Natasha
  2007 | D:3      | Killed Natasha
  2012 | D:3      | Learned a level 2 spell: Wereblood
  2016 | D:3      | Learned a level 3 spell: Spider Form
  2148 | D:3      | Reached XP level 4. HP: 33/36 MP: 2/7
  2279 | D:3      | You fall into a shaft and drop 1 floor!
  2314 | D:4      | Noticed an ogre
  2569 | D:3      | Noticed Natasha
  2577 | D:3      | Killed Natasha
  2578 | D:3      | Reached XP level 5. HP: 13/42 MP: 5/9
  3005 | D:4      | Noticed an ogre
  3017 | D:4      | Killed an ogre
  3018 | D:4      | Reached skill level 4 in Unarmed Combat
  3231 | D:4      | Reached XP level 6. HP: 48/51 MP: 7/10
  3438 | D:4      | Noticed a steam dragon
  3452 | D:4      | HP: 2/51 [kobold/+0 short sword (3)]
  3454 | D:4      | Slain by a steam dragon

Illustrated notes

Levels and vault maps discovered:
D:1:      lemuel_arrival_tunnels, layout_basic
D:2:      layout_basic, minmay_octomino_e4
D:3:      layout_basic, uniq_natasha
D:4:      layout_gridville, jmf_multi_god_temple2

Skill      XL: |  1  2  3  4  5 |
---------------+----------------+-----
Dodging        | 2 3 |  3.3
Fighting       | 2 3 |  3.4
Transmutations | 3 |  3.6
Unarmed Combat | 4 |  4.3
Spellcasting   | 3 |  3.4

Action                   |  1- 3 |  4- 6 || total
-------------------------+-------+-------++-------
Melee: Unarmed           |    89 |    88 ||   177
       Kick              |    26 |     7 ||    33
       Headbutt          |     8 |     4 ||    12
       Tailslap          |    10 |     4 ||    14
       Punch             |     3 |       ||     3
 Cast: Beastly Appendage |    27 |    10 ||    37
       Spider Form       |       |     7 ||     7
  Use: Scroll            |     3 |       ||     3
       Potion            |       |     3 ||     3
 Stab: Sleeping          |     1 |       ||     1
Armor: Skin              |    27 |    11 ||    38
Dodge: Dodged            |    57 |    82 ||   139
